 Dungeon Crawl Stone Soup version 0.27.1-1-g398f81649c (webtiles) character file.

Game seed: 14050827468167516511

3527 MisterFreud the Blocker (level 10, -2/80 HPs)
             Began as a Gnoll Fighter on Sept 7, 2021.
             Slain by a vampire (5 damage)
             ... on level 6 of the Dungeon.
             The game lasted 00:09:45 (6412 turns).

MisterFreud the Blocker (Gnoll Fighter)             Turns: 6412, Time: 00:09:46

Health: -2/80      AC:  9    Str: 16    XL:     10   Next: 8%
Magic:  17/17      EV: 10    Int: 10    God:
Gold:   181        SH: 11    Dex: 12    Spells: 18/18 levels left

rFire    . . .     SeeInvis .   w - +2 dagger (vamp)
rCold    . . .     Faith    .   c - +0 kite shield
rNeg     . . .     Spirit   .   b - +0 scale mail
rPois    .         Reflect  .   m - +0 helmet
rElec    .         Harm     .   (no cloak)
rCorr    .         Rampage  .   (no gloves)
Will     .....                  (no boots)
Stlth    +.........             j - amulet of magic regeneration
HPRegen  0.23/turn              h - +4 ring of slaying
MPRegen  0.40/turn              s - +4 ring of slaying

@: no status effects
A: fangs 1, strong nose, distributed training
a: no special abilities


You were on level 6 of the Dungeon.
You visited 1 branch of the dungeon, and saw 6 of its levels.
You also visited: Ossuary.

You collected 232 gold pieces.
You spent 51 gold pieces at shops.

Inventory:

Hand Weapons
 a - a +0 rapier
 k - a +2 short sword of freezing
 w - a +2 vampiric dagger (weapon)
Missiles
 p - 5 datura-tipped darts (quivered)
 H - 16 poisoned darts
 I - 2 boomerangs
Armour
 b - a +0 scale mail (worn)
 c - a +0 kite shield (worn)
 m - a +0 helmet (worn)
Jewellery
 h - a +4 ring of slaying (left hand)
 j - an amulet of magic regeneration (around neck)
 s - a +4 ring of slaying (right hand)
 u - an amulet of faith
 A - a +4 ring of protection
 G - a +6 ring of dexterity
 J - a ring of positive energy
Scrolls
 e - a scroll of torment {unknown}
 f - 10 scrolls of identify {unknown}
 i - 3 scrolls of teleportation {unknown}
 l - 4 scrolls of enchant weapon {unknown}
 q - 3 scrolls of amnesia {unknown}
 y - 2 scrolls of blinking {unknown}
 C - a scroll of fog {unknown}
 D - a scroll of noise {unknown}
Potions
 d - 3 potions of might
 g - a potion of ambrosia {unknown}
 n - 2 potions of heal wounds {unknown}
 o - 4 potions of cancellation {unknown}
 r - 2 potions of mutation {unknown}
 t - 5 potions of brilliance {unknown}
 v - a potion of flight {unknown}
 x - a potion of berserk rage {unknown}
 z - a potion of degeneration {unknown}
 B - a potion of curing {unknown}
 E - a potion of lignification {unknown}
 F - 2 potions of invisibility


   Skills:
 + Level 8.3 Fighting
 + Level 6.8 Short Blades
 + Level 4.9 Long Blades
 + Level 4.9 Axes
 + Level 4.9 Maces & Flails
 + Level 4.9 Polearms
 + Level 4.9 Staves
 + Level 4.9 Slings
 + Level 4.9 Bows
 + Level 4.9 Crossbows
 + Level 4.9 Throwing
 + Level 8.3 Armour
 + Level 4.9 Dodging
 + Level 4.9 Stealth
 + Level 8.3 Shields
 + Level 4.9 Unarmed Combat
 + Level 4.9 Spellcasting
 + Level 4.0 Conjurations
 + Level 4.0 Hexes
 + Level 4.0 Summonings
 + Level 4.0 Necromancy
 + Level 4.0 Translocations
 + Level 4.0 Transmutations
 + Level 4.0 Fire Magic
 + Level 4.0 Ice Magic
 + Level 4.0 Air Magic
 + Level 4.0 Earth Magic
 + Level 4.0 Poison Magic
 + Level 5.4 Invocations
 + Level 4.9 Evocations


You had 18 spell levels left.
You didn't know any spells.
Your spell library contained the following spells:

 Spells                   Type           Power      Damage    Failure   Level
 Animate Skeleton         Necr           20%        N/A       30%         1
 Apportation              Tloc           20%        N/A       30%         1
 Corona                   Hex            11%        N/A       30%         1
 Summon Small Mammal      Summ           40%        N/A       30%         1
 Slow                     Hex            10%        N/A       43%         2
 Confusing Touch          Hex            10%        N/A       67%         3
 Vampiric Draining        Necr           5%         2d6       67%         3
 Fireball                 Conj/Fire      5%         3d5       100%        5
 Starburst                Conj/Fire      5%         6d4       100%        6
 Ignition                 Fire           5%         3d4       100%        8


Dungeon Overview and Level Annotations

Branches:
Dungeon (6/15)            Ossuary (visited)
 Temple: D:4-7

Altars:
Fedhas
Yredelemnul
Zin
The Shining One

Shops:
D:1 [   D:2 *   D:5 :

Annotations:
D:5 2 transporters


Innate Abilities, Weirdness & Mutations

You have very sharp teeth.
Your uncanny sense of smell can sniff out nearby items.
Your experience applies equally to all skills.


Message History

The vampire gestures wildly while chanting.
The vampire flickers and vanishes!
Deactivating autopickup; reactivate with Ctrl-A.
You closely miss something.
You hear some strange, mumbled words.
Something tries to affect you, but you resist.
You miss something. You bite something. Something hits you.
Something bites you.
Something draws strength from your injuries!
You hit something. You miss something. You bite something. Something hits you!
Something bites you!
Something draws strength from your injuries!
You hit something. You bite something. Something hits you but does no damage.
Something bites you.
Something draws strength from your injuries!
You closely miss something. Your bite misses something. Something hits you.
Something bites you.
* * * LOW HITPOINT WARNING * * *
Something draws strength from your injuries!
You hit something. You hit something. Something hits you.
* * * LOW HITPOINT WARNING * * *
Something bites you!
* * * LOW HITPOINT WARNING * * *
Something draws strength from your injuries!
You hit something but do no damage. You block something's attack.
Something bites you.
* * * LOW HITPOINT WARNING * * *
Something draws strength from your injuries!
You barely miss something. You bite something!
You hear some strange, mumbled words.
Something tries to affect you, but you resist.
You hit something. You completely miss something. You block something's attack.
Something bites you.
* * * LOW HITPOINT WARNING * * *
Something draws strength from your injuries!
You closely miss something. Something hits you.
You die...

............##.#
#####...###.##.#
#...# #.##.#
#...# #....#
#...# ###..#
...... #..#
##..#.#. #..#
####.
#...#..#......
#..{@..$.....
#/............
#.#.....#######
#. #######


There were no monsters in sight!

Vanquished Creatures
  The ghost of MrNoob the Slasher, a novice MiBe of Trog (D:5)
  Grinder (D:3)
  3 yaks (D:5)
  2 water moccasins (D:5)
  An orc warrior (D:6)
  A black bear (D:5)
  An ogre (D:5)
  5 phantoms
  A bullfrog (D:5)
  4 wyvern zombies (Ossuary)
  A scorpion (D:5)
  6 water moccasin zombies
  A wyvern skeleton (D:5)
  A howler monkey (D:3)
  6 bullfrog zombies (Ossuary)
  A jelly (D:4)
  A hound (D:5)
  3 centaur zombies (Ossuary)
  A centaur skeleton (D:6)
  An iguana (D:3)
  5 killer bee zombies (Ossuary)
  8 mummies (Ossuary)
  A hound skeleton (D:4)
  5 howler monkey zombies (Ossuary)
  Robin (D:3)
  A gnoll (D:2)
  13 adders
  A worm zombie (D:4)
  An adder skeleton (D:4)
  5 dart slugs
  8 orcs
  8 ball pythons
  8 bats
  7 endoplasms
  7 giant cockroaches
  16 goblins
  12 hobgoblins
  4 jackals (D:3)
  5 quokkas
  A frilled lizard (D:1)
  A goblin zombie (D:4)
  13 kobolds
  8 rats
  A rat zombie (D:4)
182 creatures vanquished.

Vanquished Creatures (others)
  3 withered plants (Ossuary)
3 creatures vanquished.

Grand Total: 185 creatures vanquished

Notes
Turn   | Place    | Note
-------+----------+-------------------------------------------
     0 | D:1      | MisterFreud the Gnoll Fighter began the quest for the Orb.
     0 | D:1      | Reached XP level 1. HP: 23/23 MP: 1/1
    54 | D:1      | Reached XP level 2. HP: 29/29 MP: 2/2
   372 | D:1      | Reached XP level 3. HP: 35/35 MP: 3/3
   544 | D:1      | Found Wazask's Armour Emporium.
   950 | D:2      | Reached skill level 1 in Invocations
  1088 | D:2      | Reached skill level 1 in Long Blades
  1088 | D:2      | Reached skill level 1 in Axes
  1088 | D:2      | Reached skill level 1 in Maces & Flails
  1088 | D:2      | Reached skill level 1 in Polearms
  1088 | D:2      | Reached skill level 1 in Staves
  1088 | D:2      | Reached skill level 1 in Slings
  1088 | D:2      | Reached skill level 1 in Bows
  1088 | D:2      | Reached skill level 1 in Crossbows
  1088 | D:2      | Reached skill level 1 in Throwing
  1088 | D:2      | Reached skill level 1 in Dodging
  1088 | D:2      | Reached skill level 1 in Stealth
  1088 | D:2      | Reached skill level 1 in Unarmed Combat
  1088 | D:2      | Reached skill level 1 in Spellcasting
  1088 | D:2      | Reached skill level 1 in Evocations
  1091 | D:2      | Reached XP level 4. HP: 39/41 MP: 5/5
  1193 | D:2      | Reached skill level 1 in Conjurations
  1193 | D:2      | Reached skill level 1 in Hexes
  1193 | D:2      | Reached skill level 1 in Summonings
  1193 | D:2      | Reached skill level 1 in Necromancy
  1193 | D:2      | Reached skill level 1 in Translocations
  1193 | D:2      | Reached skill level 1 in Transmutations
  1193 | D:2      | Reached skill level 1 in Fire Magic
  1193 | D:2      | Reached skill level 1 in Ice Magic
  1193 | D:2      | Reached skill level 1 in Air Magic
  1193 | D:2      | Reached skill level 1 in Earth Magic
  1193 | D:2      | Reached skill level 1 in Poison Magic
  1442 | D:2      | Found Muod's Assorted Antiques.
  1452 | D:2      | Bought a ruby potion for 24 gold pieces
  1452 | D:2      | Bought a scroll labelled KEREODW JINEE for 27 gold pieces
  1571 | D:2      | Reached XP level 5. HP: 47/47 MP: 6/6
  1906 | D:3      | Noticed Grinder
  1917 | D:3      | Paralysed by Grinder for 2 turns
  1933 | D:3      | Paralysed by Grinder for 3 turns
  2025 | D:3      | Killed Grinder
  2026 | D:3      | Reached skill level 5 in Short Blades
  2026 | D:3      | Reached XP level 6. HP: 44/53 MP: 7/9
  2353 | D:3      | Noticed Robin
  2366 | D:3      | Killed Robin
  2367 | D:3      | Reached XP level 7. HP: 59/59 MP: 10/10
  2828 | D:4      | Identified the +0 mace of Ash {vamp, Fly rElec rF++ Int-3}
  3260 | D:4      | Found a sand-covered staircase.
  3272 | Ossuary  | Entered an ossuary
  3674 | Ossuary  | Reached XP level 8. HP: 61/67 MP: 12/12
  4277 | Ossuary  | Reached XP level 9. HP: 65/72 MP: 14/14
  4552 | D:5      | Entered Level 5 of the Dungeon
  4859 | D:5      | Found a glowing silver altar of Zin.
  5115 | D:5      | Found a transporter.
  5158 | D:5      | Found a blossoming altar of Fedhas.
  5256 | D:5      | Found a basalt altar of Yredelemnul.
  5259 | D:5      | Noticed a profane servitor
  5282 | D:5      | Found a glowing golden altar of the Shining One.
  5284 | D:5      | Noticed an angel
  5376 | D:5      | Found Neagomat's Book Shoppe.
  5479 | D:5      | Reached skill level 5 in Invocations
  5485 | D:5      | Found a runed translucent door.
  5491 | D:5      | Noticed MrNoob's ghost (novice MiBe)
  5537 | D:5      | HP: 1/74 [MrNoob's ghost (9)]
  5539 | D:5      | Killed MrNoob's ghost
  5894 | D:5      | Found a transporter.
  6118 | D:6      | Reached XP level 10. HP: 61/80 MP: 17/17
  6411 | D:6      | HP: 3/80 [something (3)]
  6412 | D:6      | Slain by a vampire

Illustrated notes

Levels and vault maps discovered:
D:1:      heliophobic_arrival_henge, layout_rooms, serial_shops,
          nicolae_shop_trees, minmay_hedge_maze, chequers_jeans
D:2:      layout_loops_ring, serial_shops, nicolae_shop_statue_plus,
          grunt_decor_one_mirror, nrook_mini_vaults, minmay_joined_circles
D:3:      layout_basic, grunt_ministairs_2, chequers_serial_rivers_micro_a,
          uniq_robin, uniq_grinder
D:4:      layout_basic, enter_ossuary_3, minmay_misc_feat_diagonals,
          minmay_distorted
D:5:      gammafunk_cloud_chamber, layout_rooms, grunt_temple_overflow_holy_war,
          zin_statuary, mainiacjoe_overflow_brackets, serial_shops, shop,
          ebering_ghost_sewer_d, eino_curves_04
D:6:      layout_loops_ring, lemuel_tele_altar, nicolae_uskayaw_dance_studio,
          chequers_temple_overflow_minitemple, serial_shops, nicolae_shop_trees,
          mrwooster_statue_mirror, uniq_duvessa

Skill      XL: |  1  2  3  4  5  6  7  8  9 |
---------------+----------------------------+-----
Invocations    | 1 2 3 4 5 |  5.4
Long Blades    | 1 2 3 4 |  4.9
Axes           | 1 2 3 4 |  4.9
Maces & Flails | 1 2 3 4 |  4.9
Polearms       | 1 2 3 4 |  4.9
Staves         | 1 2 3 4 |  4.9
Slings         | 1 2 3 4 |  4.9
Bows           | 1 2 3 4 |  4.9
Crossbows      | 1 2 3 4 |  4.9
Throwing       | 1 2 3 4 |  4.9
Dodging        | 1 2 3 4 |  4.9
Stealth        | 1 2 3 4 |  4.9
Unarmed Combat | 1 2 3 4 |  4.9
Spellcasting   | 1 2 3 4 |  4.9
Evocations     | 1 2 3 4 |  4.9
Conjurations   | 1 2 3 4 |  4.0
Hexes          | 1 2 3 4 |  4.0
Summonings     | 1 2 3 4 |  4.0
Necromancy     | 1 2 3 4 |  4.0
Translocations | 1 2 3 4 |  4.0
Transmutations | 1 2 3 4 |  4.0
Fire Magic     | 1 2 3 4 |  4.0
Ice Magic      | 1 2 3 4 |  4.0
Air Magic      | 1 2 3 4 |  4.0
Earth Magic    | 1 2 3 4 |  4.0
Poison Magic   | 1 2 3 4 |  4.0
Short Blades   | 5 6 |  6.8
Fighting       | 7 8 |  8.3
Armour         | 7 8 |  8.3
Shields        | 7 8 |  8.3

Action                   |  1- 3 |  4- 6 |  7- 9 | 10-12 || total
-------------------------+-------+-------+-------+-------++-------
Melee: Rapier            |   109 |    18 |       |       ||   127
       Bite              |    13 |     8 |    65 |    11 ||    97
       Short sword       |       |    92 |     4 |       ||    96
       Dagger            |       |       |   451 |    49 ||   500
 Stab: Distracted        |       |       |     1 |       ||     1
Armor: Scale mail        |    45 |    29 |   105 |     5 ||   184
Dodge: Dodged            |    22 |    32 |   103 |    12 ||   169
Block: Kite shield       |    57 |    39 |   158 |    19 ||   273
